Map: [G8] Gresvan

Players

Cure - Winner!

  • Race: Terran Terran
  • Spawn Location: 5:00

Classic

  • Race: Protoss Protoss
  • Spawn Location: 11:00

Event: Gamers8 2023

VOD

Have the link to the VOD?

Description

Time

  • Played on: Aug. 5, 2023, 1:55 p.m.
  • Length: 4:42

All games in this series

Show
View Real Time Build Order
Export as new Build Order

Cure Terran - Winner!

Build Orders:  

Get SALT Encoding   

  12  0:00  SCV  
  13  0:12  SCV  
  14  0:17  Supply Depot  
  14  0:24  SCV  
  15  0:39  Barracks  
  15  0:43  Refinery  
  15  0:56  Barracks  
  15  0:59  SCV  
  16  1:12  SCV  
  17  1:26  Orbital Command, Barracks Tech Lab  
  17  1:32  Supply Depot  
  17  1:43  Barracks Tech Lab  
  17  1:45  Marauder  
  19  1:52  SCV  
  22  2:01  Marauder  
  22  2:06  Marauder  
  22  2:08  SCV  
  25  2:12  Concussive Shells  
  25  2:19  Supply Depot  
  25  2:24  Marauder  
  27  2:32  Marauder  
  27  2:33  SCV  
  30  2:39  Bunker  
  30  2:45  SCV  
  30  2:47  Marauder  
  33  2:55  Marauder  
  33  2:57  SCV  
  35  3:13  Marauder, Supply Depot  
  34  3:21  Marauder  
  34  3:22  SCV  
  37  3:34  Marauder, SCV  
  38  3:43  Marauder  
  38  3:50  SCV  
  38  3:54  Command Center  
  39  3:58  Marauder  
  41  4:06  Marauder  
  41  4:13  SCV  
  40  4:19  Marauder  
  40  4:23  Barracks  
Show
View Real Time Build Order
Export as new Build Order

Classic Protoss 

Build Orders: 1 Gate Expand 

Get SALT Encoding   

  12  0:00  Probe  
  13  0:12  Probe  
  14  0:19  Pylon  
  14  0:24  Probe  
  15  0:37  Gateway, Probe (Chrono Boost)  
  16  0:47  Assimilator, Probe (Chrono Boost)  
  17  0:52  Probe (Chrono Boost)  
  18  1:04  Probe  
  20  1:24  Cybernetics Core  
  21  1:37  Nexus  
  21  1:42  Probe  
  21  1:44  Pylon  
  20  1:48  Assimilator  
  20  1:54  Probe  
  20  1:59  Stalker (Chrono Boost)  
  21  2:02  Warp Gate  
  21  2:07  Probe  
  24  2:22  Shield Battery, Stalker (Chrono Boost)  
  26  2:44  Stalker (Chrono Boost)  
  26  3:04  Probe  
  27  3:09  Stalker (Chrono Boost)  
  29  3:22  Shield Battery  
  29  3:33  Probe x2  
  31  3:35  Shield Battery  
  28  3:52  Stalker  
  24  4:14  Stalker  
  15  4:36  Stalker  
Tags
 
Add a new tag
Caveats
  • Supply blocks, unpowered buildings, or Contaminate may cause inaccurate times.
  • Supply counts are checked every 10 seconds.